 Dungeon Crawl Stone Soup version 0.19.1-1-g22dce08 (webtiles) character file.

32 Alarkh the Chopper (level 3, 11/27 HPs)
             Began as a Demonspawn Skald on Jan 4, 2017.
             Got out of the dungeon alive.
             The game lasted 00:01:01 (1252 turns).

Alarkh the Chopper (Demonspawn Skald)               Turns: 1252, Time: 00:01:02

Health: 11/27      AC:  3    Str: 12    XL:     3   Next: 8%
Magic:  6/6        EV: 11    Int: 14    God:
Gold:   20         SH:  4    Dex: 12    Spells: 1 memorised, 5 levels left

rFire  . . .     SeeInvis .     a - +0 hand axe
rCold  . . .     Gourm    .     b - +0 leather armour
rNeg   . . .     Faith    .     (no shield)
rPois  .         Spirit   .     (helmet restricted)
rElec  .         Reflect  .     (no cloak)
rCorr  .         Harm     .     (no gloves)
MR     .....                    (no boots)
Stlth  +.........               (no amulet)
                                (no ring)
                                (no ring)

@: no status effects
A: horns 1, large bone plates 1
a: no special abilities


You escaped.
You were not hungry.

You visited 1 branch of the dungeon, and saw 1 of its levels.

You collected 20 gold pieces.

Inventory:

Hand Weapons
 a - a +0 hand axe (weapon)
Armour
 b - a +0 leather armour (worn)
Scrolls
 e - a scroll of remove curse
 h - 2 scrolls of teleportation {unknown}
 i - a scroll of identify {unknown}
 j - 2 scrolls of fog
 k - 2 scrolls of noise {unknown}
 l - a scroll of recharging {unknown}
Potions
 f - a potion of agility {unknown}
Books
 c - a book of Battle

   Spells                             Type                      Level
   a - Infusion                       Charms                       1
   b - Shroud of Golubria             Charms/Translocation         2
   c - Song of Slaying                Charms                       2
   d - Spectral Weapon                Hexes/Charms                 3
   e - Regeneration                   Charms/Necromancy            3
Comestibles
 d - a bread ration
 g - 2 chunks of flesh


   Skills:
 - Level 2.0 Fighting
 + Level 3.2 Axes
 - Level 0.8 Armour
 - Level 0.8 Dodging
 - Level 2.0 Spellcasting
 - Level 2.6 Charms


You had 5 spell levels left.
You knew the following spells:

 Your Spells              Type           Power        Failure   Level  Hunger
a - Infusion              Chrm           #...         12%         1    ##.....


Dungeon Overview and Level Annotations

Branches:
Dungeon (1/15)

Altars:


Innate Abilities, Weirdness & Mutations

You have a pair of small horns on your head.
You are partially covered in large bone plates. (SH +4)


Message History

You barely miss the dart slug. You hit the dart slug.
The dart slug is heavily wounded.
The dart slug launches a dart at you. The slug dart hits you!
* * * LOW HITPOINT WARNING * * *
You hit the dart slug.
The dart slug is severely wounded.
The dart slug barely misses you.
You hit the dart slug.
You kill the dart slug!
You see here a dart slug corpse.
(D) Dungeon
Where to? (Enter - D:1 @ (x,y), ? - help)
There is an open door here.
There is an open door here.
There is an open door here.
There is a staircase leading out of the dungeon here.
Are you sure you want to leave the Dungeon?
This will make you lose the game!
You have escaped!

#########.##.......#.......#
#.........###......###.#####
#.##.###### ##.##..# #.#
#.##...#########...# #.#
#.##..##≈≈≈≈≈≈≈##..# #.#####
#.##.##≈≈≈.P.≈≈≈##.# #.....#
#.####≈≈P..8).P≈≈### #####.#
#.###≈≈≈...)...≈≈≈# ###.#
#...#≈P.8..@..8.P≈# ###.#.#
###.#≈≈≈.......≈≈≈####.....#
#..##≈≈P..8..P≈≈##+......#.
####..##≈≈≈.P.≈≈≈##..##.....#
#......##≈≈≈.≈≈≈##...###..###
#.##....###8'8###....# #.##
#.##.###.###.....##### #.#
#.##..##.# ####'## #.#
#.###.##.# #.##### #.#


There were no monsters in sight!

Vanquished Creatures
  An adder (D:1)
  An ooze (D:1)
  2 dart slugs (D:1)
  3 bats (D:1)
  A giant cockroach (D:1)
  3 hobgoblins (D:1)
  2 goblins (D:1)
  A rat (D:1)
14 creatures vanquished.

Notes
Turn   | Place    | Note
-------+----------+-------------------------------------------
     0 | D:1      | Alarkh the Demonspawn Skald began the quest for the Orb.
     0 | D:1      | Reached XP level 1. HP: 16/16 MP: 3/3
   176 | D:1      | Reached skill level 2 in Axes
   502 | D:1      | Gained mutation: You are partially covered in large bone plates. (SH +4) [demonic ancestry]
   502 | D:1      | Reached XP level 2. HP: 19/22 MP: 0/5
   556 | D:1      | Reached skill level 3 in Axes
  1158 | D:1      | Gained mutation: You have a pair of small horns on your head. [demonic ancestry]
  1158 | D:1      | Reached XP level 3. HP: 18/27 MP: 6/6
  1252 | D:$      | Got out of the dungeon alive.

Skill      XL: |  1  2 |
---------------+-------+-----
Axes           | 2 3 |  3.2
Fighting       | |  2.0
Armour         | |  0.8
Dodging        | |  0.8
Spellcasting   | |  2.0
Charms         | |  2.6

Action                   || total
-------------------------++-------
Melee: Hand axe          ||    51
 Cast: Infusion          ||     9
  Use: Scroll            ||     2
  Eat: Chunk             ||     1
Armor: Leather armour    ||    10
Dodge: Dodged            ||    26
Block: Other             ||     8
